 Dungeon Crawl Stone Soup version 0.31.0-32-g396128a36d (webtiles) character file.

Game seed: 16626603323317961262

241 Marvel the Sneak (level 6, -14/41 HPs)
             Began as an Octopode Brigand on Mar 16, 2024.
             Demolished by an ogre
             ... wielding a +0 giant club
              (21 damage)
             ... on level 4 of the Dungeon.
             The game lasted 00:06:34 (2553 turns).

Marvel the Sneak (Octopode Brigand)                 Turns: 2553, Time: 00:06:34

Health: -14/41     AC:  1    Str: 11    XL:     6   Next: 8%
Magic:  6/6        EV: 13    Int: 13    God:
Gold:   206        SH:  0    Dex: 15    Spells: 5/5 levels left

rFire   . . .        i - +2 dagger (flame)
rCold   . . .        (no shield)
rNeg    . . .        h - +0 mask of the Dragon {Will+ Slay+3 SInv}
rPois   .            (no amulet)
rElec   .            (no ring)
rCorr   .            (no ring)
SInv    +            (no ring)
Will    +....        (no ring)
Stlth   +++++        (no ring)
HPRegen 0.26/turn    (no ring)
MPRegen 0.10/turn    (no ring)
                     (no ring)

%: no passive effects
@: no status effects
A: almost no armour, amphibious, 8 rings, camouflage 1, gelatinous body 1,
(nimble swimmer 1), tentacles
a: no special abilities


You were on level 4 of the Dungeon.
You visited 1 branch of the dungeon, and saw 4 of its levels.

You collected 206 gold pieces.

Inventory:

Hand Weapons
 a - a +2 dagger
 e - a +3 dagger
 i - a +2 dagger of flaming (weapon)
Missiles
 c - 3 curare-tipped darts
Armour
 h - the +0 mask of the Dragon (worn) {Will+ Slay+3 SInv}
   (You acquired it on level 1 of the Dungeon)

   Slay+3:    It affects your accuracy & damage with ranged weapons and melee
   (+3).
   Will+:     It increases your willpower.
   SInv:      It lets you see invisible.
Scrolls
 d - a scroll of identify {unknown}
 f - a scroll of amnesia {unknown}
 g - a scroll of enchant armour {unknown}
 l - 2 scrolls of noise {unknown}
Potions
 j - a potion of invisibility {unknown}
 k - 2 potions of heal wounds {unknown}
 m - a potion of enlightenment {unknown}


   Skills:
 + Level 2.6 Fighting
 + Level 3.7 Short Blades
 + Level 2.4 Throwing
 + Level 2.2 Dodging
 + Level 7.5 Stealth


You had 5 spell levels left.
You didn't know any spells.
Your spell library was empty.

Dungeon Overview and Level Annotations

Branches:
Dungeon (4/15)
 Temple: D:4-7

Altars:
Xom

Annotations:
D:3 2 transporters


Innate Abilities, Weirdness & Mutations

You cannot wear most types of armour.
You are amphibious.
You can wear up to eight rings at the same time.
Your skin changes colour to match your surroundings (Stealth+).
Your rubbery body absorbs attacks. (AC +1, EV +1)
((You are camouflaged when in or above water. (Stealth+)))
You have tentacles for arms and can constrict up to eight enemies at once.


Message History

Throw: 5 darts (poison)
Press: ? - help, Q - select action, (/) - cycle Shift-Dir - straight line, f/p - ogre
Aim: an ogre, wielding a +0 giant club (lightly wounded, poisoned, 76% to hit)
You throw a poisoned dart. The poisoned dart hits the ogre.
The ogre is lightly wounded.
An endoplasm comes into view.
Throw: 4 darts (poison)
Press: ? - help, Q - select action, (/) - cycle Shift-Dir - straight line, f/p - ogre
Aim: an ogre, wielding a +0 giant club (lightly wounded, poisoned, 76% to hit)
You throw a poisoned dart. The poisoned dart hits the ogre.
The ogre looks even sicker.
The ogre is lightly wounded.
The endoplasm quivers.
Throw: 3 darts (poison)
Press: ? - help, Q - select action, (/) - cycle Shift-Dir - straight line, f/p - ogre
Aim: an ogre, wielding a +0 giant club (lightly wounded, very poisoned, 76% to hit)
You throw a poisoned dart. The poisoned dart hits the ogre.
The ogre looks even sicker.
The ogre is lightly wounded.
Throw: 2 darts (poison)
Press: ? - help, Q - select action, (/) - cycle Shift-Dir - straight line, f/p - ogre
Aim: an ogre, wielding a +0 giant club (lightly wounded, very poisoned, 76% to hit)
You throw a poisoned dart. The poisoned dart hits the ogre.
The ogre looks as sick as possible!
The ogre is lightly wounded.
Throw: dart (poison)
Press: ? - help, Q - select action, (/) - cycle Shift-Dir - straight line, f/p - ogre
Aim: an ogre, wielding a +0 giant club (heavily wounded, very poisoned, 76% to hit)
You throw a poisoned dart. The poisoned dart hits the ogre.
The ogre looks as sick as possible!
The ogre is heavily wounded.
You hit the ogre but do no damage.
The ogre is heavily wounded.
The ogre hits you with a +0 giant club!!
Ouch! That really hurt!
* * * LOW HITPOINT WARNING * * *
The ogre attacks as it pursues you!
The ogre hits you with a +0 giant club!!
Ouch! That really hurt!
You die...

.... ...## ...##....
...##...# ####
...##...########..##
....(..............#
....#((((..........#
...##........J.O@..#
...##...##....##...#
....'...########..##
....#.....<. ####
...##....... ...#
...#### ..[# ...#
......... ..........


You could see an ogre (extremely poisoned) and an endoplasm.

Vanquished Creatures
  A bombardier beetle (D:3)
  A hound (D:4)
  A gnoll bouda (D:4)
  Robin (D:2)
  3 adders (D:3)
  2 gnolls
  5 dart slugs
  3 ribbon worms
  An orc (D:3)
  2 ball pythons (D:1)
  4 bats
  6 endoplasms
  4 giant cockroaches
  17 goblins
  5 hobgoblins
  10 kobolds
  A quokka (D:4)
  5 frilled lizards
  4 rats
76 creatures vanquished.

Notes
Turn   | Place    | Note
-------+----------+-------------------------------------------
     0 | D:1      | Marvel the Octopode Brigand began the quest for the Orb.
     0 | D:1      | Reached XP level 1. HP: 14/14 MP: 1/1
    66 | D:2      | Reached XP level 2. HP: 12/19 MP: 2/2
   338 | D:2      | Noticed Robin
   465 | D:1      | Reached XP level 3. HP: 21/24 MP: 3/3
   470 | D:1      | Reached skill level 6 in Stealth
   739 | D:1      | Identified a scroll of acquirement
   739 | D:1      | Acquired the +0 mask of the Dragon {Will+ Slay+3 SInv}
   739 | D:1      | Found the +0 mask of the Dragon {Will+ Slay+3 SInv}
  1159 | D:2      | Reached XP level 4. HP: 24/30 MP: 4/4
  1161 | D:2      | Killed Robin
  1675 | D:3      | Reached XP level 5. HP: 35/35 MP: 5/5
  1692 | D:3      | Reached skill level 7 in Stealth
  1748 | D:3      | Found a shimmering altar of Xom.
  1754 | D:3      | Found a transporter.
  1782 | D:3      | Found a transporter.
  2413 | D:4      | Noticed a sky beast
  2447 | D:4      | Reached XP level 6. HP: 41/41 MP: 6/6
  2553 | D:4      | Demolished by an ogre

Illustrated notes

Levels and vault maps discovered:
D:1:      minmay_arrival_checkered_box, layout_rooms, minmay_misc_feat_rows
D:2:      layout_basic, uniq_robin
D:3:      layout_loops_corners, gammafunk_temple_overflow_arena
D:4:      layout_gridville, uniq_grinder

Skill      XL: |  1  2  3  4  5 |
---------------+----------------+-----
Stealth        | 6 7 |  7.5
Short Blades   | 3 |  3.7
Dodging        | 2 |  2.2
Fighting       | |  2.6
Throwing       | |  2.4

Action                     |  1- 3 |  4- 6 || total
---------------------------+-------+-------++-------
  Melee: Dagger            |    85 |    54 ||   139
         Constrict         |    20 |    13 ||    33
         Tentacles         |    10 |     7 ||    17
         Punch             |       |     1 ||     1
  Throw: Dart              |     1 |    13 ||    14
    Use: Scroll            |     1 |       ||     1
   Stab: Sleeping          |     9 |    11 ||    20
 Armour: Skin              |    37 |    16 ||    53
  Dodge: Dodged            |    52 |    24 ||    76
